 Dungeon Crawl Stone Soup version 0.24-a0-463-g3510def36b (webtiles) character file.

Game seed: 8302278907837000834

340 vurker the Caller (level 6, -1/44 HPs)
             Began as a Gnoll Summoner on July 2, 2019.
             Slain by an iguana (7 damage)
             ... on level 4 of the Dungeon.
             The game lasted 00:08:42 (5192 turns).

vurker the Caller (Gnoll Summoner)                  Turns: 5192, Time: 00:08:43

Health: -1/44      AC:  3    Str: 11    XL:     6   Next: 56%
Magic:  10/14      EV: 15    Int: 19    God:
Gold:   186        SH:  0    Dex: 15    Spells: 5/15 levels left

rFire    . . .     SeeInvis .   o - -2 spear (curse)
rCold    . . .     Gourm    .   (no shield)
rNeg     . . .     Faith    .   a - +0 robe
rPois    +         Spirit   .   (no helmet)
rElec    .         Reflect  .   (no cloak)
rCorr    .         Harm     .   h - +0 pair of gloves
MR       .....     Rnd*Tele +   (no boots)
Stlth    +++.......             (no amulet)
HPRegen  0.14/turn              f - ring of poison resistance
MPRegen  0.14/turn              c - ring of teleportation (curse)

@: no status effects
A: distributed training, fangs 1, strong nose
a: no special abilities


You were on level 4 of the Dungeon.
You were not hungry.

You visited 1 branch of the dungeon, and saw 4 of its levels.
You also visited: Sewer.

You collected 186 gold pieces.

Inventory:

Hand Weapons
 d - a +1 short sword
   (You took it off a kobold on level 1 of the Dungeon)
 o - a cursed -2 spear (weapon)
   (You found it on level 3 of the Dungeon)
Armour
 a - a +0 robe (worn)
 h - a +0 pair of gloves (worn)
   (You found it on level 2 of the Dungeon)
Jewellery
 c - a cursed ring of teleportation (right hand)
   (You found it on level 1 of the Dungeon)
 f - a ring of poison resistance (left hand)
   (You found it on level 1 of the Dungeon)
 l - an uncursed ring of protection from magic
   (You found it on level 2 of the Dungeon)
Wands
 v - a wand of digging (4)
   (You took it off Ijyb on level 3 of the Dungeon)
Scrolls
 p - a scroll of blinking
 s - a scroll of identify {@r1}
Potions
 b - a potion of berserk rage {unknown}
 g - 3 potions of lignification {!q}
 i - 2 potions of might
 j - a potion of mutation {unknown}
 k - 2 potions of curing {unknown}
 m - a potion of heal wounds {unknown}
 n - a potion of brilliance {unknown}
 q - a potion of invisibility
 r - a potion of ambrosia {unknown}
 t - 3 potions of flight {unknown}
 u - a potion of agility {unknown}
Comestibles
 e - 7 rations {!d}


   Skills:
 + Level 2.0 Fighting
 + Level 2.0 Short Blades
 + Level 2.0 Long Blades
 + Level 2.0 Axes
 + Level 2.0 Maces & Flails
 + Level 2.0 Polearms
 + Level 2.0 Staves
 + Level 2.0 Slings
 + Level 2.0 Bows
 + Level 2.0 Crossbows
 + Level 2.0 Throwing
 + Level 2.0 Armour
 + Level 5.0 Dodging
 + Level 4.6 Stealth
 + Level 2.0 Shields
 + Level 2.0 Unarmed Combat
 + Level 5.4 Spellcasting
 + Level 1.5 Conjurations
 + Level 1.5 Hexes
 + Level 1.5 Charms
 + Level 7.3 Summonings
 + Level 1.5 Necromancy
 + Level 1.5 Translocations
 + Level 1.5 Transmutations
 + Level 1.5 Fire Magic
 + Level 1.5 Ice Magic
 + Level 1.5 Air Magic
 + Level 1.5 Earth Magic
 + Level 1.5 Poison Magic
 + Level 2.2 Invocations
 + Level 2.0 Evocations


You had 5 spell levels left.
You knew the following spells:

 Your Spells              Type           Power        Failure   Level  Hunger
a - Summon Small Mammal   Summ           ####         1%          1    None
b - Call Imp              Summ           ####....     1%          2    None
d - Call Canine Familiar  Summ           ####....     1%          3    ##.....
x - Summon Lightning Spi  Summ/Air       ###.....     19%         4    ####...

Your spell library contained the following spells:

 Spells                   Type           Power        Failure   Level  Hunger
 Summon Guardian Golem    Hex/Summ       ###.....     6%          3    ##.....
 Summon Ice Beast         Ice/Summ       ###.....     19%         4    ####...


Dungeon Overview and Level Annotations

Branches:
Dungeon (4/15)
 Temple: D:4-7

Altars:
Hepliaklqana

Annotations:
D:4 Pikel, Sigmund


Innate Abilities, Weirdness & Mutations

Your experience applies equally to all skills.
You have very sharp teeth.
Your uncanny sense of smell can sniff out nearby items.


Message History

The bullfrog zombie resists.
The bullfrog zombie hits your white imp.
Your white imp hits the leopard gecko.
Your white imp freezes the leopard gecko.
The leopard gecko seems to slow down.
The leopard gecko dies!
Something hits your white imp.
The bullfrog zombie completely misses your white imp.
Unknown command.
The bullfrog zombie closely misses your white imp.
There is a stone staircase leading up here.
The bullfrog zombie hits your white imp!
Your white imp dies!
The bullfrog zombie closely misses you.
You hit the bullfrog zombie but do no damage.
The bullfrog zombie barely misses you.
The bullfrog zombie hits you but does no damage.
The bullfrog zombie hits you.
* * * LOW HITPOINT WARNING * * *
You climb upwards.
There is a stone staircase leading down here.
You start resting.
You start resting.
There is an escape hatch in the floor here.
You slide downwards.
The hatch slams shut behind you.
Level annotation: Pikel, Sigmund The iguana hisses angrily.
The iguana bites you.
Pikel hits you with a +2 whip of flaming!
Pikel burns you.
A beastly little devil appears in a puff of flame.
The iguana misses you. The slave barely misses you.
Pikel hits you with a +2 whip of flaming!
* * * LOW HITPOINT WARNING * * *
Pikel burns you.
* * * LOW HITPOINT WARNING * * *
The slave completely misses your crimson imp.
The iguana completely misses you.
A beastly little devil appears in a puff of flame.
The leopard gecko bites you.
* * * LOW HITPOINT WARNING * * *
The iguana misses you. The slave hits you!
* * * LOW HITPOINT WARNING * * *
Pikel checks his coin pouch and frowns.
Pikel hits the withered plant with a +2 whip of flaming.
Pikel burns the withered plant.
Your crimson imp hits the leopard gecko.
The leopard gecko barely misses you.
You swap places.
The iguana bites you!
You die...

#........... ...# ..# ..p
...# ..# #.l ... #.. #..
####.## #.. ##..#####
#.....# #.. ∆ #..l÷p§8##
#...l.######.. #.##§p5p§#
#.....#.......
#8§Kl5####.......######
#§§.Pl@......##########
###.####Z#.#..≈≈≈≈≈≈≈≈≈
##........#..≈≈≈≈.≈≈≈≈ .
####...##...###.≈≈≈≈≈≈≈≈≈
....###.<..#....###
###########
........####..###
....##### #..# ## ####


You could see Pikel, a slave, an iguana, a bullfrog zombie, a leopard gecko and
2 friendly crimson imps.

Vanquished Creatures
  A water moccasin zombie (D:4)
  A hound (D:3)
  A bullfrog skeleton (D:4)
  2 adders (D:2)
  4 oozes
  An adder zombie (D:4)
  A worm (D:2)
  A dart slug (D:1)
  4 leopard geckos
  An orc (D:3)
  A ball python (D:1)
  4 bats
  6 giant cockroaches
  13 goblins
  7 hobgoblins
  A jackal (Sewer)
  5 kobolds
  2 quokkas
  4 frilled lizards
  7 rats
67 creatures vanquished.

Vanquished Creatures (collateral kills)
  A big kobold (Sewer)
  A howler monkey (D:4)
  Ijyb (D:3)
  Terence (D:2)
  2 worker ants (D:4)
  A river rat (Sewer)
  An ooze (D:2)
  2 leopard geckos
  4 goblins (D:3)
  3 jackals
  A quokka (D:4)
  2 frilled lizards
  4 kobolds
  5 rats
29 creatures vanquished.

Grand Total: 96 creatures vanquished

Notes
Turn   | Place    | Note
-------+----------+-------------------------------------------
     0 | D:1      | vurker the Gnoll Summoner began the quest for the Orb.
     0 | D:1      | Reached XP level 1. HP: 13/13 MP: 6/6
   203 | D:1      | Reached XP level 2. HP: 17/20 MP: 7/7
   608 | D:1      | Reached XP level 3. HP: 25/25 MP: 9/9
   618 | D:1      | Reached skill level 5 in Spellcasting
   646 | D:1      | Learned a level 2 spell: Call Imp
   650 | D:1      | Learned a level 3 spell: Call Canine Familiar
  1250 | D:1      | Reached skill level 1 in Invocations
  1706 | D:2      | Noticed Terence
  1715 | D:2      | Killed Terence
  1715 | D:2      | Reached skill level 1 in Fighting
  1715 | D:2      | Reached skill level 1 in Short Blades
  1715 | D:2      | Reached skill level 1 in Long Blades
  1715 | D:2      | Reached skill level 1 in Axes
  1715 | D:2      | Reached skill level 1 in Maces & Flails
  1715 | D:2      | Reached skill level 1 in Polearms
  1715 | D:2      | Reached skill level 1 in Staves
  1715 | D:2      | Reached skill level 1 in Slings
  1715 | D:2      | Reached skill level 1 in Bows
  1715 | D:2      | Reached skill level 1 in Crossbows
  1715 | D:2      | Reached skill level 1 in Throwing
  1715 | D:2      | Reached skill level 1 in Armour
  1715 | D:2      | Reached skill level 1 in Shields
  1715 | D:2      | Reached skill level 1 in Unarmed Combat
  1715 | D:2      | Reached skill level 1 in Evocations
  1715 | D:2      | Reached XP level 4. HP: 14/32 MP: 7/11
  2404 | D:2      | Reached skill level 1 in Conjurations
  2404 | D:2      | Reached skill level 1 in Hexes
  2404 | D:2      | Reached skill level 1 in Charms
  2404 | D:2      | Reached skill level 1 in Necromancy
  2404 | D:2      | Reached skill level 1 in Translocations
  2404 | D:2      | Reached skill level 1 in Transmutations
  2404 | D:2      | Reached skill level 1 in Fire Magic
  2404 | D:2      | Reached skill level 1 in Ice Magic
  2404 | D:2      | Reached skill level 1 in Air Magic
  2404 | D:2      | Reached skill level 1 in Earth Magic
  2404 | D:2      | Reached skill level 1 in Poison Magic
  3085 | D:3      | Noticed Ijyb
  3092 | D:3      | Reached XP level 5. HP: 34/37 MP: 8/12
  3113 | D:3      | Killed Ijyb
  3420 | D:3      | Found a hazy altar of Hepliaklqana.
  3642 | D:4      | Noticed Sigmund
  4197 | D:4      | Found a glowing drain.
  4215 | Sewer    | Entered a sewer
  4220 | Sewer    | Reached XP level 6. HP: 44/44 MP: 8/13
  4301 | Sewer    | Learned a level 4 spell: Summon Lightning Spire
  4601 | Sewer    | Found a glowing silver altar of Zin.
  4665 | D:4      | Reached skill level 5 in Dodging
  4756 | D:4      | Noticed a slave
  4857 | D:4      | Noticed a slave
  4964 | D:4      | Noticed a slave
  4966 | D:4      | Noticed a slave
  4971 | D:4      | Noticed Pikel
  5192 | D:4      | Slain by an iguana

Levels and vault maps discovered:
D:1:      nicolae_arrival_somewhat_less_tricky_arrival, layout_basic,
          dk_noncrumbling_2
D:2:      minmay_razor_zed, layout_loops_ring, uniq_terence
D:3:      kennysheep_the_goblin_king, layout_rooms, lemuel_doored_altar,
          first_ration
D:4:      layout_rooms, serial_undead, serial_undead_b, serial_undead_b,
          serial_undead_e, serial_undead_d, portal_sewer_entry_f, uniq_pikel,
          uniq_sigmund

Skill      XL: |  1  2  3  4  5  6 |
---------------+-------------------+-----
Spellcasting   | 5 |  5.4
Invocations    | 1 2 |  2.2
Fighting       | 1 2 |  2.0
Short Blades   | 1 2 |  2.0
Long Blades    | 1 2 |  2.0
Axes           | 1 2 |  2.0
Maces & Flails | 1 2 |  2.0
Polearms       | 1 2 |  2.0
Staves         | 1 2 |  2.0
Slings         | 1 2 |  2.0
Bows           | 1 2 |  2.0
Crossbows      | 1 2 |  2.0
Throwing       | 1 2 |  2.0
Armour         | 1 2 |  2.0
Shields        | 1 2 |  2.0
Unarmed Combat | 1 2 |  2.0
Evocations     | 1 2 |  2.0
Conjurations   | 1 |  1.5
Hexes          | 1 |  1.5
Charms         | 1 |  1.5
Necromancy     | 1 |  1.5
Translocations | 1 |  1.5
Transmutations | 1 |  1.5
Fire Magic     | 1 |  1.5
Ice Magic      | 1 |  1.5
Air Magic      | 1 |  1.5
Earth Magic    | 1 |  1.5
Poison Magic   | 1 |  1.5
Dodging        | 5 |  5.0
Stealth        | |  4.6
Summonings     | |  7.3

Action                   |  1- 3 |  4- 6 || total
-------------------------+-------+-------++-------
Melee: Unarmed           |    34 |       ||    34
       Short sword       |    70 |    31 ||   101
       Bite              |     8 |    16 ||    24
       Spear             |       |   181 ||   181
 Cast: Call Imp          |     6 |    28 ||    34
       Summon Lightning  |       |     2 ||     2
  Use: Scroll            |     2 |     8 ||    10
 Stab: Sleeping          |    10 |    11 ||    21
       Distracted        |       |     1 ||     1
  Eat: Chunk             |     3 |     5 ||     8
       Ration            |       |     2 ||     2
Armor: Robe              |     9 |    36 ||    45
Dodge: Dodged            |    73 |   182 ||   255

Table legend:
 A = Non-vault XP
 B = Vault XP
 C = Vault XP percentage of total XP
 D = Non-vault monster count
 E = Vault monster count
 F = Vault count percentage of total count
                 A         B        C        D         E       F
            +---------+---------+-------+---------+---------+-------
      Total |     265 |     222 |  45.6 |      60 |      36 |  37.5
            +---------+---------+-------+---------+---------+-------
        D:1 |      63 |       0 |   0.0 |      29 |       0 |   0.0
        D:2 |      20 |      56 |  73.7 |       6 |      11 |  64.7
        D:3 |      72 |      25 |  25.8 |      20 |       7 |  25.9
        D:4 |     110 |      59 |  34.9 |       5 |       6 |  54.5
      Sewer |       0 |      82 | 100.0 |       0 |      12 | 100.0
            +---------+---------+-------+---------+---------+-------
